 Dungeon Crawl Stone Soup version 0.28-b1-70-g80dc712255 (webtiles) character file.

Game seed: 14486520877906243559

17 adizb the Skirmisher (level 2, 0/32 HPs)
             Began as an Ogre Fighter on Feb 3, 2022.
             Slain by a frilled lizard (2 damage)
             ... on level 1 of the Dungeon.
             The game lasted 00:02:41 (389 turns).

adizb the Skirmisher (Ogre Fighter)                  Turns: 389, Time: 00:02:42

Health: 0/32       AC:  3    Str: 19    XL:     2   Next: 62%
Magic:  3/3        EV:  8    Int:  9    God:
Gold:   36         SH:  7    Dex:  8    Spells: 2/2 levels left

rFire   . . .      SeeInvis .   a - +0 trident
rCold   . . .      Faith    .   c - +0 kite shield
rNeg    . . .      Spirit   .   b - +0 robe
rPois   .          Reflect  .   (helmet restricted)
rElec   .          Harm     .   (no cloak)
rCorr   .          Rampage  .   (gloves unavailable)
Will    .....                   (boots unavailable)
Stlth   +.........              (no amulet)
HPRegen 0.10/turn               (no ring)
MPRegen 0.08/turn               (no ring)

@: mighty, lethally poisoned (0 -> -10)
A: large, unfitting armour, tough skin 1
a: no special abilities


You were on level 1 of the Dungeon.
You visited 1 branch of the dungeon, and saw 2 of its levels.

You collected 36 gold pieces.

Inventory:

Hand Weapons
 a - a +0 trident (weapon)
Armour
 b - a +0 robe (worn)
 c - a +0 kite shield (worn)
Scrolls
 f - a scroll of acquirement {unknown}
 g - a scroll of enchant armour {unknown}
Potions
 d - a potion of might
 e - a potion of brilliance {unknown}


   Skills:
 * Level 4.3 Fighting
 + Level 2.2 Polearms
 + Level 2.8 Dodging
 + Level 2.8 Shields
 * Level 0.9 Spellcasting


You had 2 spell levels left.
You didn't know any spells.
Your spell library was empty.

Dungeon Overview and Level Annotations

Branches:
Dungeon (2/15)

Altars:


Innate Abilities, Weirdness & Mutations

You are too large for most types of armour.
You have tough skin. (AC +1)


Message History

You are poisoned.
The adder poisons you!
The frilled lizard bites you but does no damage.
You block the adder's attack.
You closely miss the adder.
The adder is heavily wounded.
You feel sick. The frilled lizard barely misses you.
The adder barely misses you.
You miss the adder.
The adder is heavily wounded.
You feel sick. You block the adder's attack.
The frilled lizard bites you but does no damage.
The adder bites you but does no damage.
The frilled lizard bites you but does no damage.
You miss the adder.
The adder is heavily wounded.
You feel sick. The adder bites you. You block the frilled lizard's attack.
The adder bites you.
You are more poisoned.
The adder poisons you!
You barely miss the adder.
The adder is heavily wounded.
* * * LOW HITPOINT WARNING * * *
You feel very sick. The frilled lizard barely misses you.
The adder bites you but does no damage.
The frilled lizard bites you but does no damage.
The adder completely misses you.
You feel very mighty all of a sudden.
* * * LOW HITPOINT WARNING * * *
You feel sick. The adder bites you.
* * * LOW HITPOINT WARNING * * *
You block the frilled lizard's attack.
You barely miss the adder.
The adder is heavily wounded.
* * * LOW HITPOINT WARNING * * *
You feel sick. The adder bites you.
* * * LOW HITPOINT WARNING * * *
You are more poisoned.
The adder poisons you! The frilled lizard bites you.
You die...

#.# #...#...#.
#########.##### ##'#######
.....^..).....####...#...#.
..###########.##.'...#.<.'.
#..............#...#...#.
#.##...........##'###'### #
#....##.....#..#...#...#.
#.########l.#....#...'.⌠.'.
........S@......#...#...#.
#..#######....##########
##.##.............#...#...#.
........#.#.##.##)).⌠.'...'.
##....†.....##....#...#...#.
#.##.##....####..##+#######
..............#......#
###.#............##.# #
#...#....#...##.#


You could see an adder and a frilled lizard.

Vanquished Creatures
  2 dart slugs (D:1)
  2 endoplasms (D:1)
  2 goblins (D:1)
  A hobgoblin (D:1)
  2 ball pythons (D:1)
  2 bats (D:1)
  A frilled lizard (D:1)
  A kobold (D:1)
  A rat (D:1)
14 creatures vanquished.

Notes
Turn   | Place    | Note
-------+----------+-------------------------------------------
     0 | D:1      | adizb the Ogre Fighter began the quest for the Orb.
     0 | D:1      | Reached XP level 1. HP: 24/24 MP: 1/1
   212 | D:1      | Reached XP level 2. HP: 29/32 MP: 2/2
   339 | D:1      | You fall into a shaft and drop 1 floor!
   389 | D:1      | Slain by a frilled lizard

Illustrated notes

Levels and vault maps discovered:
D:1:      co_arrival_random_square_maze, layout_basic,
          shapermc_ecumenical_altar_ellora
D:2:      layout_basic, uniq_natasha, uniq_terence

Action                   || total
-------------------------++-------
Melee: Trident           ||    51
  Use: Potion            ||     1
Armor: Robe              ||    23
Dodge: Dodged            ||    29
Block: Kite shield       ||    23
